 Dungeon Sprint DCSS version 0.20.1-1-g8b1a95d (webtiles) character file.

6314 potatolord6000 the Thaumaturge (level 10, -66/87 HPs)
             Began as a Mummy Fighter on Aug 28, 2017.
             Was the Champion of Yredelemnul.
             Killed from afar by a hell hog (73 damage)
             ... with a fireball
             ... in the Dungeon (Sprint V: "Ziggurat Sprint").
             The game lasted 00:09:35 (600 turns).

potatolord6000 the Thaumaturge (Mummy Fighter)       Turns: 600, Time: 00:09:36

Health: -66/87     AC: 30    Str: 36    XL:     10   Next: 64%
Magic:  19/26      EV:  2    Int:  7    God:    Yredelemnul [******]
Gold:   0          SH: 31    Dex: 11    Spells: 33/33 levels left

rFire    x . .     SeeInvis .   e - +9 sword of Zonguldrok {reap}
rCold    + . .     Gourm    .   g - +18 shield of the Gong {rElec rN+ MR+ EV-5}
rNeg     + + +     Faith    .   f - +15 Maxwell's patent armour {-Cast -Tele rElec MR+ rCorr}
rPois    ∞         Spirit   .   (no helmet)
rElec    +         Reflect  .   l - +0 cloak {MR+}
rCorr    +         Harm     .   (no gloves)
MR       ++++.     NoTele   +   (no boots) Stlth ..........NoCast +
                                (no amulet)
Regen    0.3/turn               o - +6 ring of strength
MPRegen  0.2/turn               p - +6 ring of strength

@: injury mirror
A: no food or potions, fire vulnerability, cold resistance 1, negative energy
resistance 3, torment resistance, unbreathing
a: Recall Undead Slaves, Injury Mirror, Animate Dead, Drain Life, Enslave Soul,
Renounce Religion


You were in the Dungeon.
You worshipped Yredelemnul.
Yredelemnul was exalted by your worship.
You were not hungry.

You visited 1 branch

Inventory:

Hand Weapons
 e - the +9 sword of Zonguldrok (weapon) {reap}
   (You found it in the Dungeon)

   If a monster killed with it leaves a corpse in good enough shape, the corpse
   will be animated as a zombie friendly to the killer.
Armour
 f - the +15 Maxwell's patent armour (worn) {-Cast -Tele rElec MR+ rCorr}
   (You found it in the Dungeon)

   It insulates you from electricity.
   It affects your resistance to hostile enchantments.
   It prevents spellcasting.
   It prevents most forms of teleportation.
   It protects you from acid and corrosion.
 g - the +18 shield of the Gong (worn) {rElec rN+ MR+ EV-5}
   (You found it in the Dungeon)

   It affects your evasion (-5).
   It insulates you from electricity.
   It protects you from negative energy.
   It affects your resistance to hostile enchantments.
 l - a +0 cloak of magic resistance (worn)
Jewellery
 o - a +6 ring of strength (left hand)
 p - a +6 ring of strength (right hand)
Scrolls
 a - 4 scrolls of amnesia
 b - 3 scrolls of recharging
 c - 7 scrolls of fog
 d - 4 scrolls of blinking
 h - 5 scrolls of identify
 i - 5 scrolls of remove curse
 j - a scroll of fear
 k - a scroll of brand weapon
 m - 4 scrolls of enchant weapon


   Skills:
 + Level 11.0 Fighting
 + Level 9.2 Long Blades
 + Level 9.3 Armour
 + Level 9.3 Shields
 + Level 12.4 Spellcasting
 + Level 9.8 Invocations


You had 33 spell levels left.
You didn't know any spells.

Dungeon Overview and Level Annotations

Branches:
Dungeon (1/1)

Altars:
Ashenzari
Cheibriados
Dithmenos
Elyvilon
Fedhas
Gozag
Hepliaklqana
Kikubaaqudgha
Makhleb
Nemelex Xobeh
Okawaru
Qazlal
Ru
Sif Muna
Trog
Uskayaw
Vehumet
Xom
Yredelemnul
Zin
The Shining One
Beogh
Jiyva
Lugonu

Annotations:
D 1 transporter


Innate Abilities, Weirdness & Mutations

You do not eat or drink.
Your flesh is vulnerable to fire.
You are immune to poison.
Your flesh is cold resistant. (rC+)
You are immune to negative energy. (rN+++)
You are immune to unholy pain and torment.
You can survive without breathing.


Message History

The fireball explodes!
The fireball engulfs the hell hog.
The hell hog resists.
The fireball engulfs the fire dragon.
The fire dragon resists.
The fireball engulfs the fire dragon.
The fire dragon resists.
The fireball engulfs the hell hog.
The hell hog resists.
The fireball engulfs the efreet.
The efreet completely resists.
The fireball engulfs you! The fire burns you terribly!
* * * LOW HITPOINT WARNING * * *
The fireball engulfs your ghoul.
The fireball engulfs your skeletal warrior.
Yredelemnul mirrors your injury!
The efreet is moderately wounded.
The hell hog breathes fire at your skeletal warrior.
The fireball explodes!
The fireball engulfs your skeletal warrior.
Your skeletal warrior is destroyed!
The fireball engulfs the hell hog.
The hell hog resists.
The fireball engulfs you! The fire burns you terribly!
Ouch! That really hurt!
You die...
Yredelemnul claims you as an undead slave.

▓▓▓▓▓▓▓▓▓▓▓▓
▓...8©8...▓...8©8...▓.
▓..|}?})).▓..)}:[|..▓.
▓..=)=§§..▓..}:.:...▓.
▓....§§...▓.........▓.
▓.v.ERE...▓..†......▓.
▓...DRnC..▓..†...|..▓.
▓....hhW..▓....))...▓.
▓..vD@)...▓..)..)...▓.
▓.▓.....▓.▓.▓.....▓.▓.
▓.........▓.........▓▓
▓▓▓▓▓▓▓▓▓▓▓▓▓▓▓▓▓▓▓▓▓


You could see a fire giant, 2 fire dragons, 2 hell hogs, 2 efreet, 2 fire
elementals, 2 fire vortices, a friendly ghoul and a friendly phantasmal warrior.

Vanquished Creatures
  An ugly thing (D)
  2 hornets (D)
  A slime creature (D)
  A spriggan (D)
  A golden eye (D)
  A basilisk (shapeshifter) (D)
  An insubstantial wisp (D)
  3 porcupines (D)
  A sky beast (shapeshifter) (D)
  2 eyes of draining (D)
  A phantom (D)
  A crocodile (D)
  2 jellies (D)
  An adder zombie (D)
  A bat skeleton (D)
20 creatures vanquished.

Vanquished Creatures (collateral kills)
  A thorn hunter (D)
  A spriggan air mage (D)
  A spriggan berserker (D)
  A spriggan (D)
  2 shambling mangroves (D)
  An ugly thing (D)
  A spiny frog (D)
  A dryad (D)
  3 hornets (D)
  3 air elementals (D)
  A yak (D)
  A hog (shapeshifter) (D)
  5 insubstantial wisps (D)
  3 porcupines (D)
  An eye of draining (D)
  A wolf (D)
  3 necrophages (D)
  A bullfrog (D)
  A wight (D)
  A jelly (D)
  A hound zombie (D)
  2 adder zombies (D)
  3 adder skeletons (D)
  A bat skeleton (D)
  2 bat zombies (D)
  A ball python zombie (D)
  A giant cockroach zombie (D)
  3 leopard gecko skeletons (D)
  A leopard gecko zombie (D)
  A quokka skeleton (D)
  A butterfly (D)
50 creatures vanquished.

Vanquished Creatures (others)
  A profane servitor (D)
  A vampire knight (D)
  3 skeletal warriors (D)
  A spatial maelstrom (D)
  3 flayed ghosts (D)
  3 phantasmal warriors (D)
  2 wraiths (D)
  2 vampires (D)
  7 flying skulls (D)
  A spiny frog zombie (D)
  2 mummies (D)
26 creatures vanquished.

Grand Total: 96 creatures vanquished

Notes
Turn   | Place    | Note
-------+----------+-------------------------------------------
     0 | D        | potatolord6000 the Mummy Fighter began the quest for the Orb.
     0 | D        | Reached XP level 1. HP: 18/18 MP: 1/1
     0 | D        | Found a blossoming altar of Fedhas.
     1 | D        | Found a transporter.
     1 | D        | Found a viscous altar of Jiyva.
     1 | D        | Found an ancient bone altar of Kikubaaqudgha.
     1 | D        | Found a hazy altar of Hepliaklqana.
     1 | D        | Found a corrupted altar of Lugonu.
     1 | D        | Found an opulent altar of Gozag.
     1 | D        | Found a burning altar of Makhleb.
     4 | D        | Found a stormy altar of Qazlal.
     4 | D        | Found a sacrificial altar of Ru.
     4 | D        | Found an iron altar of Okawaru.
     4 | D        | Found a deep blue altar of Sif Muna.
     4 | D        | Found a sparkling altar of Nemelex Xobeh.
     4 | D        | Found a bloodstained altar of Trog.
    11 | D        | Banished a spatial maelstrom
    92 | D        | Became a worshipper of Kikubaaqudgha
   113 | D        | Fell from the grace of Kikubaaqudgha
   113 | D        | Became a worshipper of Yredelemnul the Dark
   128 | D        | Entered arena 2.
   128 | D        | Found a transporter.
   130 | D        | Reached skill level 1 in Spellcasting
   130 | D        | Reached skill level 1 in Invocations
   143 | D        | Entered arena 3.
   143 | D        | Noticed a porcupine
   143 | D        | Noticed a porcupine
   143 | D        | Noticed a porcupine
   143 | D        | Found a transporter.
   150 | D        | Killed a porcupine
   150 | D        | Reached * piety under Yredelemnul
   150 | D        | Reached skill level 4 in Spellcasting
   150 | D        | Reached XP level 2. HP: 26/26 MP: 2/7
   150 | D        | Reached XP level 3. HP: 31/31 MP: 2/8
   150 | D        | Reached XP level 4. HP: 38/38 MP: 2/10
   154 | D        | Killed a porcupine
   154 | D        | Reached skill level 5 in Fighting
   154 | D        | Reached skill level 5 in Spellcasting
   154 | D        | Reached XP level 5. HP: 44/44 MP: 2/12
   155 | D        | Killed a porcupine
   155 | D        | Reached XP level 6. HP: 52/52 MP: 2/14
   157 | D        | Entered arena 4.
   157 | D        | Found a transporter.
   160 | D        | Reached ** piety under Yredelemnul
   160 | D        | Reached skill level 5 in Armour
   160 | D        | Reached skill level 5 in Shields
   160 | D        | Reached skill level 6 in Spellcasting
   163 | D        | Reached skill level 5 in Long Blades
   163 | D        | Reached skill level 5 in Invocations
   165 | D        | Reached skill level 7 in Spellcasting
   170 | D        | Entered arena 5.
   170 | D        | Noticed a golden eye
   170 | D        | Noticed a slime creature
   170 | D        | Found a transporter.
   175 | D        | Killed a slime creature
   175 | D        | Reached *** piety under Yredelemnul
   175 | D        | Reached XP level 7. HP: 60/60 MP: 1/18
   190 | D        | Killed a golden eye
   190 | D        | Reached skill level 8 in Spellcasting
   190 | D        | Received a gift from Yredelemnul (3 flying skulls)
   196 | D        | Entered arena 6.
   196 | D        | Noticed a brown ugly thing
   196 | D        | Noticed a basilisk
   196 | D        | Noticed a white ugly thing
   196 | D        | Noticed a hog
   196 | D        | Found a transporter.
   198 | D        | Killed a hog
   198 | D        | Reached **** piety under Yredelemnul
   202 | D        | Killed a white ugly thing
   202 | D        | Reached XP level 8. HP: 68/68 MP: 4/20
   204 | D        | Killed a white ugly thing
   204 | D        | Reached skill level 9 in Spellcasting
   209 | D        | Reached ***** piety under Yredelemnul
   209 | D        | Received a gift from Yredelemnul (a mummy)
   215 | D        | Entered arena 7.
   216 | D        | Found a transporter.
   219 | D        | Received a gift from Yredelemnul (a mummy)
   219 | D        | Received a gift from Yredelemnul (a wraith)
   220 | D        | Received a gift from Yredelemnul (a wraith)
   220 | D        | Received a gift from Yredelemnul (a vampire)
   226 | D        | Got the amulet of Omukit {Harm *Drain rPois rN+}
   233 | D        | Entered arena 8.
   234 | D        | Found a transporter.
   235 | D        | Received a gift from Yredelemnul (4 flying skulls)
   235 | D        | Received a gift from Yredelemnul (a wight)
   241 | D        | Received a gift from Yredelemnul (a wraith)
   241 | D        | Received a gift from Yredelemnul (a wraith)
   247 | D        | Entered arena 9.
   248 | D        | Found a transporter.
   254 | D        | Reached ****** piety under Yredelemnul
   255 | D        | Received a gift from Yredelemnul (a phantasmal warrior)
   255 | D        | Received a gift from Yredelemnul (a vampire)
   265 | D        | Entered arena 10.
   265 | D        | Noticed a spiny frog
   266 | D        | Found a transporter.
   270 | D        | Reached XP level 9. HP: 74/75 MP: 16/22
   272 | D        | Reached skill level 10 in Spellcasting
   274 | D        | Killed a spiny frog
   285 | D        | Entered arena 11.
   286 | D        | Found a transporter.
   291 | D        | Received a gift from Yredelemnul (a flayed ghost)
   292 | D        | Received a gift from Yredelemnul (a flayed ghost)
   292 | D        | Received a gift from Yredelemnul (a vampire)
   292 | D        | Received a gift from Yredelemnul (a flayed ghost)
   294 | D        | Received a gift from Yredelemnul (a vampire knight)
   296 | D        | Received a gift from Yredelemnul (a phantasmal warrior)
   300 | D        | Received a gift from Yredelemnul (a profane servitor)
   300 | D        | Received a gift from Yredelemnul (a vampire knight)
   300 | D        | Received a gift from Yredelemnul (a skeletal warrior)
   430 | D        | Entered arena 12.
   430 | D        | Noticed a spriggan berserker
   430 | D        | Noticed a dryad
   430 | D        | Noticed a spriggan air mage
   431 | D        | Noticed a death yak
   431 | D        | Noticed a thorn hunter
   431 | D        | Noticed a spriggan rider
   431 | D        | Noticed a spriggan rider
   431 | D        | Noticed a shambling mangrove
   432 | D        | Noticed a shambling mangrove
   439 | D        | Killed a spriggan air mage
   439 | D        | Reached skill level 11 in Spellcasting
   441 | D        | Noticed a polar bear
   441 | D        | Killed a dryad
   441 | D        | Reached skill level 10 in Fighting
   448 | D        | Killed a spriggan rider
   448 | D        | Reached XP level 10. HP: 77/85 MP: 18/25
   451 | D        | Received a gift from Yredelemnul (a ghoul)
   452 | D        | Killed a spriggan berserker
   453 | D        | Received a gift from Yredelemnul (a phantasmal warrior)
   453 | D        | Received a gift from Yredelemnul (a skeletal warrior)
   453 | D        | Killed a shambling mangrove
   455 | D        | Killed a shambling mangrove
   455 | D        | Reached skill level 12 in Spellcasting
   460 | D        | Found a transporter.
   461 | D        | Killed a thorn hunter
   462 | D        | Received a gift from Yredelemnul (a skeletal warrior)
   462 | D        | Received a gift from Yredelemnul (a phantasmal warrior)
   595 | D        | Entered arena 13.
   595 | D        | Noticed a fire dragon
   595 | D        | Noticed a fire giant
   596 | D        | Noticed a hell hog
   596 | D        | Noticed a fire dragon
   596 | D        | Noticed a hell hog
   598 | D        | Found a transporter.
   600 | D        | Killed from afar by a hell hog

Skill      XL: |  1  2  3  4  5  6  7  8  9 10 |
---------------+-------------------------------+-----
Long Blades    | 3 4 5 6 7 8 9 |  9.2
Spellcasting   | 4 5 7 8 9 11 12 | 12.4
Invocations    | 3 4 5 6 7 9 |  9.8
Fighting       | 4 5 7 8 10 11 | 11.0
Armour         | 3 4 6 7 8 9 |  9.3
Shields        | 3 4 6 7 8 9 |  9.3

Action                   |  1- 3 |  4- 6 |  7- 9 | 10-12 || total
-------------------------+-------+-------+-------+-------++-------
Melee: Double sword      |     3 |    13 |    34 |     7 ||    57
Invok: Drain Life        |       |       |     1 |     2 ||     3
       Animate Dead      |       |       |     1 |       ||     1
       Injury Mirror     |       |       |       |     1 ||     1
       Enslave Soul      |       |       |       |     1 ||     1
  Use: Scroll            |     1 |       |       |       ||     1
 Stab: Fleeing           |     1 |       |       |       ||     1
       Distracted        |       |       |     2 |       ||     2
Armor: Plate armour      |     1 |     7 |    28 |     7 ||    43
Dodge: Dodged            |       |       |     2 |     1 ||     3
Block: Shield            |     4 |    15 |    68 |    28 ||   115
       Rpst.: Double sword |       |       |     1 |     1 ||     2
